 Dungeon Crawl Stone Soup version 0.30.0-19-g36f170ea60 (webtiles) character file.

Game seed: 16844991000226918963

132 Cheops the Digger (level 4, 0/35 HPs)
             Began as an Armataur Earth Elementalist on May 26, 2023.
             Slain by Ijyb
             ... wielding a +3 dagger
              (4 damage)
             ... on level 3 of the Dungeon.
             The game lasted 00:07:10 (2216 turns).

Cheops the Digger (Armataur Earth Elementalist)     Turns: 2216, Time: 00:07:10

Health: 0/35       AC:  6    Str: 13    XL:     4   Next: 92%
Magic:  4/7        EV:  9    Int: 17    God:
Gold:   59         SH:  0    Dex: 11    Spells: 4/7 levels left

rFire   . . .        a - +0 dagger
rCold   . . .        (no shield)
rNeg    . . .        i - +0 robe
rPois   .            c - +0 helmet
rElec   .            l - +0 cloak
rCorr   .            (no gloves)
SInv    .            (no barding)
Will    .....        g - amulet of the acrobat
Stlth   ++           (no ring)
HPRegen 0.25/turn    (no ring)
MPRegen 0.10/turn

%: acrobat, roll
@: no status effects
A: large, rugged brown scales 3, deformed body, armoured tail, roll, long
tongue, awkward tongue
a: no special abilities


You were on level 3 of the Dungeon.
You visited 1 branch of the dungeon, and saw 3 of its levels.

You collected 59 gold pieces.

Inventory:

Hand Weapons
 a - a +0 dagger (weapon)
Armour
 c - a +0 helmet (worn)
 i - a +0 robe (worn)
 l - a +0 cloak (worn)
Magical Staves
 q - a staff of fire
Jewellery
 g - an amulet of the acrobat (around neck)
Scrolls
 d - a scroll of acquirement {unknown}
 f - a scroll of teleportation {unknown}
 k - a scroll of enchant weapon {unknown}
 n - 3 scrolls of identify {unknown}
 p - a scroll of vulnerability {unknown}
Potions
 e - a potion of degeneration {unknown}
 h - 2 potions of curing {unknown}
 j - 3 potions of heal wounds {unknown}
 m - a potion of brilliance {unknown}
 o - a potion of flight {unknown}


   Skills:
 - Level 1.3 Dodging
 + Level 3.8 Stealth
 - Level 2.0 Spellcasting
 - Level 0.8 Transmutations
 * Level 4.4 Earth Magic


You had 4 spell levels left.
You knew the following spells:

 Your Spells              Type           Power      Damage    Failure   Level
a - Sandblast             Erth           32%        2d9       3%          1
P - Passwall              Tmut/Erth      8%         N/A       10%         2

Your spell library contained the following spells:

 Spells                   Type           Power      Damage    Failure   Level
 Beastly Appendage        Tmut           8%         N/A       14%         1
 Magic Dart               Conj           4%         1d3       19%         1
 Wereblood                Tmut           4%         N/A       21%         2
 Stone Arrow              Conj/Erth      18%        3d8       24%         3
 Searing Ray              Conj           2%         2d4       28%         2
 Sublimation of Blood     Necr           1%         N/A       28%         2
 Spider Form              Tmut/Pois      3%         N/A       43%         3
 Petrify                  Tmut/Erth      10%        N/A       54%         4
 Fulminant Prism          Conj/Hex       0%         3d5       88%         4
 Irradiate                Conj/Tmut      1%         3d12      99%         5


Dungeon Overview and Level Annotations

Branches:
Dungeon (3/15)

Altars:

Shops:
D:2 ?

Annotations:
D:3 Ijyb


Innate Abilities, Weirdness & Mutations

You are completely covered in rugged brown scales. (AC +3, +7% HP)
Armour fits poorly on your strangely shaped body.
You have a long armoured tail.
You roll when moving toward enemies. (Rampage)
Your long tongue fully drains potion bottles. (2x potion effects)
Your tongue gives you trouble enunciating. (1.5x scroll delay)


Message History

Ijyb is heavily wounded.
Ijyb barely misses you.
You aren't carrying any items that you can evoke.
Unknown command.
Magic courses through your body.
You slurp down every last drop of the potion of magic!
Ijyb hits you with a +3 dagger.
* * * LOW HITPOINT WARNING * * *
Casting: Sandblast (safe; 3% risk of failure)
Confirm with . or Enter, or press ? or * to list all spells.
Aiming: Sandblast (safe; 3% risk of failure)
Press: ? - help, Shift-Dir - straight line, f/p - Ijyb
Aim: Ijyb, wielding a +3 dagger, wearing a +2 scale mail of fire resistance and carrying a wand of flame (14) (heavily wounded, 80% to hit)
The blast of sand hits Ijyb but does no damage.
Ijyb is heavily wounded.
Ijyb hits you with a +3 dagger.
* * * LOW HITPOINT WARNING * * *
Ijyb barely misses you.
Casting: Sandblast (safe; 3% risk of failure)
Confirm with . or Enter, or press ? or * to list all spells.
Aiming: Sandblast (safe; 3% risk of failure)
Press: ? - help, Shift-Dir - straight line, f/p - Ijyb
Aim: Ijyb, wielding a +3 dagger, wearing a +2 scale mail of fire resistance and carrying a wand of flame (14) (heavily wounded, 80% to hit)
The blast of sand misses Ijyb.
Ijyb closely misses you.
Casting: Sandblast (safe; 3% risk of failure)
Confirm with . or Enter, or press ? or * to list all spells.
Aiming: Sandblast (safe; 3% risk of failure)
Press: ? - help, Shift-Dir - straight line, f/p - Ijyb
Aim: Ijyb, wielding a +3 dagger, wearing a +2 scale mail of fire resistance and carrying a wand of flame (14) (heavily wounded, 80% to hit)
The blast of sand hits Ijyb but does no damage.
Ijyb is heavily wounded.
Ijyb hits you but does no damage.
Ijyb zaps a wand.
The puff of flame hits you.
* * * LOW HITPOINT WARNING * * *
Casting: Sandblast (safe; 3% risk of failure)
Confirm with . or Enter, or press ? or * to list all spells.
Aiming: Sandblast (safe; 3% risk of failure)
Press: ? - help, Shift-Dir - straight line, f/p - Ijyb
Aim: Ijyb, wielding a +3 dagger, wearing a +2 scale mail of fire resistance and carrying a wand of flame (13) (heavily wounded, 80% to hit)
The blast of sand misses Ijyb.
Ijyb hits you with a +3 dagger.
You die...

#.........# #.!.......#
#.........# #.........#
#.g.......#######
######....)..........##
..)......#####........#
#.g<# #.g........ #..##
#..@....... #..
#.......... #...
#.......... #....
#.......... #...#
##........# ...#
.......... ...#
.......... #..........


You could see Ijyb.

Vanquished Creatures
  Jessica (D:2)
  2 adders (D:2)
  3 gnolls (D:2)
  2 worms (D:2)
  5 bats
  5 endoplasms
  A giant cockroach (D:2)
  5 hobgoblins
  7 jackals
  2 quokkas
  4 ball pythons
  4 frilled lizards
  3 goblins
  3 kobolds
  5 rats
52 creatures vanquished.

Notes
Turn   | Place    | Note
-------+----------+-------------------------------------------
     0 | D:1      | Cheops the Armataur Earth Elementalist began the quest for
                  | the Orb.
     0 | D:1      | Reached XP level 1. HP: 14/14 MP: 3/3
   303 | D:1      | Reached skill level 3 in Earth Magic
   303 | D:1      | Reached XP level 2. HP: 20/21 MP: 1/5
   306 | D:1      | Learned a level 2 spell: Passwall
   984 | D:2      | Reached XP level 3. HP: 27/27 MP: 0/6
  1417 | D:2      | Found a faded altar of an unknown god.
  1593 | D:2      | Reached XP level 4. HP: 33/35 MP: 3/7
  1729 | D:2      | Found The Oracle's Delphic Readings.
  2047 | D:3      | Noticed Ijyb
  2048 | D:3      | Noticed Jessica
  2052 | D:2      | Killed Jessica
  2053 | D:2      | Reached skill level 4 in Earth Magic
  2216 | D:3      | Slain by Ijyb

Illustrated notes

Levels and vault maps discovered:
D:1:      spicycebolla_arrival_risky_transporter, layout_basic
D:2:      layout_loops_cross, hellmonk_ecumenical_altar_leap_of_faith,
          nicolae_nh_oracle_at_delphi
D:3:      layout_rooms, lemuel_doored_altar, uniq_robin, uniq_jessica, uniq_ijyb

Skill      XL: |  1  2  3  4 |
---------------+-------------+-----
Spellcasting   | 2 |  2.0
Earth Magic    | 3 4 |  4.4
Stealth        | 3 |  3.8
Dodging        | |  1.3
Transmutations | |  0.8

Action                     |  1- 3 |  4- 6 || total
---------------------------+-------+-------++-------
  Melee: Unarmed           |     1 |       ||     1
         Dagger            |     2 |     7 ||     9
         Tailslap          |     2 |     2 ||     4
   Cast: Sandblast         |    57 |    31 ||    88
    Use: Potion            |       |     1 ||     1
 Armour: Robe              |     6 |     6 ||    12
  Dodge: Dodged            |    11 |    15 ||    26
